 Dungeon Crawl Stone Soup version 0.30.0-5-g1a98f26d00 (webtiles) character file.

Game seed: 312279052276289082

42 SnakkuSnakku7 the Magician (level 3, -1/20 HPs)
             Began as a Deep Elf Transmuter on May 10, 2023.
             Was an Initiate of Gozag.
             Slain by a jackal (3 damage)
             ... on level 2 of the Dungeon.
             The game lasted 00:01:47 (748 turns).

SnakkuSnakku7 the Magician (Deep Elf Transmuter)     Turns: 748, Time: 00:01:48

Health: -1/20      AC:  2    Str:  7    XL:     3   Next: 35%
Magic:  6/9        EV: 12    Int: 19    God:    Gozag
Gold:   76         SH:  0    Dex: 15    Spells: 3/8 levels left

rFire   . . .        h - +0 lajatang
rCold   . . .        (shield currently unavailable)
rNeg    . . .        a - +0 robe
rPois   .            (no helmet)
rElec   .            (no cloak)
rCorr   .            (no gloves)
SInv    +            (no boots)
Will    .....        (no amulet)
Stlth   +            g - ring of see invisible
HPRegen 0.23/turn    i - ring of wizardry
MPRegen 0.11/turn

%: wizardry (x1)
@: gold aura
A: no striking features
a: Renounce Religion, Potion Petition, Call Merchant, Bribe Branch


You were on level 2 of the Dungeon.
You worshipped Gozag.
Gozag was noncommittal.
You visited 1 branch of the dungeon, and saw 2 of its levels.

You collected 105 gold pieces.
You paid 29 gold pieces to Gozag.

Inventory:

Hand Weapons
 h - a +0 lajatang (weapon)
Armour
 a - a +0 robe (worn)
Jewellery
 g - a ring of see invisible (left hand)
 i - a ring of wizardry (right hand)
Scrolls
 c - a scroll of identify {unknown}
 d - a scroll of vulnerability {unknown}
 e - 2 scrolls of enchant armour {unknown}
Potions
 b - a potion of lignification
 f - a potion of attraction {unknown}
 j - a potion of curing {unknown}


   Skills:
 - Level 0.7 Fighting
 - Level 2.4 Dodging
 - Level 2.7 Unarmed Combat
 - Level 3.0 Spellcasting
 - Level 2.6 Transmutations
 + Level 2.5 Earth Magic


You had 3 spell levels left.
You knew the following spells:

 Your Spells              Type           Power      Damage    Failure   Level
a - Beastly Appendage     Tmut           26%        N/A       1%          1
b - Sandblast             Erth           24%        2d8       2%          1
c - Stone Arrow           Conj/Erth      14%        3d7       11%         3

Your spell library contained the following spells:

 Spells                   Type           Power      Damage    Failure   Level
 Passwall                 Tmut/Erth      10%        N/A       3%          2
 Wereblood                Tmut           13%        N/A       3%          2
 Spider Form              Tmut/Pois      7%         N/A       11%         3
 Ice Form                 Ice/Tmut       7%         N/A       32%         4


Dungeon Overview and Level Annotations

Branches:
Dungeon (2/15)

Altars:
Gozag


Message History

The jackal closely misses you. The jackal attacks as you move away!
The jackal misses you. The jackal bites you. The jackal bites you.
The jackal attacks as you move away! The jackal closely misses you.
Aiming: Sandblast (safe; 2% risk of failure)
Press: ? - help, Q - select action, (/) - cycle Shift-Dir - straight line, f - jackal
Aim: a jackal (77% to hit)
Okay, then.
You barely miss the jackal. The jackal bites you. x2
You closely miss the jackal. The jackal bites you. The jackal misses you.
You closely miss the jackal. The jackal bites you.
* * * LOW HITPOINT WARNING * * *
The jackal closely misses you.
Aiming: Sandblast (safe; 2% risk of failure)
Press: ? - help, Q - select action, (/) - cycle Shift-Dir - straight line, f - jackal
Aim: a jackal (77% to hit)
The blast of sand hits the jackal!
You kill the jackal!
The jackal closely misses you.
Aiming: Sandblast (safe; 2% risk of failure)
Press: ? - help, Q - select action, (/) - cycle Shift-Dir - straight line, f - jackal
Aim: a jackal (77% to hit)
The blast of sand hits the jackal.
The jackal is severely wounded.
The jackal bites you.
* * * LOW HITPOINT WARNING * * *
The jackal bites you.
* * * LOW HITPOINT WARNING * * *
The jackal completely misses you.
Aiming: Sandblast (safe; 2% risk of failure)
Press: ? - help, Q - select action, (/) - cycle Shift-Dir - straight line, f/p - jackal
Aim: a jackal (heavily wounded, 77% to hit)
The blast of sand hits the jackal.
You kill the jackal!
The jackal misses you.
The adder is distracted by your dazzling golden aura.
The jackal bites you.
You die...
Your body crumbles into a pile of gold.

...^....## #....#.##.#.
#######..## #....#.##...
##..## #### #.#.... ##..##
#.##.## #..J# #....##
########...# ###.....#
#..........# #.......#
#........#J##########........
#........#Sh@......##........
#........#####.....##........
#................†.>'........
#................####......##
########.........#....######
#.........#....#
#######.###....#
####..##....#
#........#######


You could see an adder (unaware), an endoplasm and a jackal.

Vanquished Creatures
  2 adders (D:2)
  2 giant cockroaches
  3 goblins
  2 jackals (D:2)
  3 kobolds
  3 ball pythons
  4 bats
  5 rats
24 creatures vanquished.

Notes
Turn   | Place    | Note
-------+----------+-------------------------------------------
     0 | D:1      | SnakkuSnakku7 the Deep Elf Transmuter began the quest for
                  | the Orb.
     0 | D:1      | Reached XP level 1. HP: 11/11 MP: 6/6
   165 | D:1      | Reached XP level 2. HP: 12/16 MP: 8/8
   396 | D:1      | Learned a level 1 spell: Sandblast
   482 | D:2      | Reached skill level 1 in Earth Magic
   604 | D:2      | Reached XP level 3. HP: 20/20 MP: 9/9
   608 | D:2      | Learned a level 3 spell: Stone Arrow
   654 | D:2      | Found an opulent altar of Gozag.
   689 | D:2      | Became a worshipper of Gozag Ym Sagoz the Greedy
   748 | D:2      | Slain by a jackal

Illustrated notes

Levels and vault maps discovered:
D:1:      psy_arrival_spokes, layout_rooms, nicolae_eternal_life
D:2:      layout_basic, basic_altar, nicolae_elevator_lobby_plus

Skill      XL: |  1  2 |
---------------+-------+-----
Earth Magic    | 2 |  2.5
Fighting       | |  0.7
Dodging        | |  2.4
Unarmed Combat | |  2.7
Spellcasting   | |  3.0
Transmutations | |  2.6

Action                     || total
---------------------------++-------
  Melee: Unarmed           ||    27
         Kick              ||     3
         Headbutt          ||     3
         Punch             ||     1
         Lajatang          ||    32
   Cast: Beastly Appendage ||     3
         Sandblast         ||    11
   Stab: Sleeping          ||     1
 Armour: Robe              ||    25
  Dodge: Dodged            ||    79
